[Event "Team 45 45 League T58"]
[Site "Internet Chess Club"]
[Date "2013.10.11"]
[Round "8"]
[White "TwoEqualsOne"]
[Black "HumanTornado"]
[Result "1-0"]
[WhiteElo "1835"]
[BlackElo "1959"]
[Opening "QGD: semi-Slav"]
[ECO "D31"]
[Time "21:00:27"]
[TimeControl "2700+45"]

1. d4 d5 2. c4 e6 3. Nc3 c6 4. cxd5 exd5 5. Bf4 Be7 6. e3 Bf5 7. Bd3 Bxd3 8.
Qxd3 Nf6 9. h3 Nbd7 10. Nf3 O-O 11. O-O Re8 12. Rac1 Nf8 13. Ne5 a5 14. a4 N6d7
15. Qf5 Nxe5 16. Bxe5 Bd6 17. Bxd6 Qxd6 18. Rc2 g6 19. Qd3 Ne6 20. Rfc1 Qb4 21.
b3 Qxb3 22. Rb1 Qa3 23. Rxb7 Reb8 24. Rcb2 Qxb2 25. Rxb2 Rxb2 26. Nd1 Rab8 27.
Nxb2 Rxb2 28. Qa6 Rb1+ 29. Kh2 Rb2 30. Qxa5 Rxf2 31. Kg3 Re2 32. Kf3 Ra2 33. h4
Ra3 34. Qb4 Ra1 35. a5 Kg7 36. Qb6 {Black resigns} 1-0

[Event "Team 45 45 League T58"]
[Site "Internet Chess Club"]
[Date "2013.10.13"]
[Round "8"]
[White "Zugzwanged"]
[Black "latayvia"]
[Result "1/2-1/2"]
[WhiteElo "1769"]
[BlackElo "1689"]
[Opening "Caro-Kann: exchange variation"]
[ECO "B13"]
[Time "10:35:54"]
[TimeControl "2700+45"]

1. e4 c6 2. d4 d5 3. exd5 cxd5 4. Bd3 Nc6 5. c3 Qc7 6. Nf3 Bg4 7. O-O e6 8. Be3
Nf6 9. Nbd2 Bd6 10. h3 h5 11. Re1 Bxf3 12. Nxf3 Bf4 13. Bxf4 Qxf4 14. Ne5 Nxe5
15. Rxe5 O-O 16. Qe2 g6 17. Qc2 Kg7 18. Rae1 Rae8 19. Bb5 Re7 20. Bd3 Qh6 21.
Qa4 a6 22. Qc2 Rc7 23. Qe2 Rfc8 24. Qc2 b5 25. Qe2 Nd7 26. Re3 Qg5 27. Rg3 Qh6
28. a4 bxa4 29. Bxa6 Ra8 30. Ra1 Rca7 31. Bb5 a3 32. bxa3 Nb6 33. c4 Rxa3 34.
Rgxa3 Rxa3 35. Rxa3 Qc1+ 36. Kh2 Qxa3 37. Qe5+ Kh7 38. c5 Nc4 39. Qf6 Qa7 40.
Qd8 Na5 41. Qd7 Qb8+ 42. g3 Kg7 43. Ba4 Qb4 44. Qb5 Qxd4 45. Kg2 Nc4 46. c6 Qe4+
47. Kg1 Qe1+ 48. Kg2 Qe4+ 49. Kg1 Qe1+ 50. Kg2 Qe4+ {Game drawn by repetition}
1/2-1/2

[Event "Team 45 45 League T58"]
[Site "Internet Chess Club"]
[Date "2013.10.11"]
[Round "8"]
[White "Moondog"]
[Black "calily"]
[Result "1-0"]
[WhiteElo "1674"]
[BlackElo "1593"]
[Opening "QGD semi-Slav: Meran, 8...a6"]
[ECO "D48"]
[Time "11:00:22"]
[TimeControl "2700+45"]

1. d4 d5 2. c4 c6 3. Nf3 Nf6 4. Nc3 e6 5. e3 Nbd7 6. Bd3 dxc4 7. Bxc4 b5 8. Bd3
a6 9. e4 Bb7 10. O-O c5 11. d5 exd5 12. e5 d4 13. exf6 Qxf6 14. Re1+ Be7 15. Bg5
Bxf3 16. Bxf6 Bxd1 17. Rxe7+ Kd8 18. Rxd7+ Kxd7 19. Rxd1 gxf6 20. Bf5+ Kd6 21.
Be4 Rae8 22. Bf3 Re5 23. Ne4+ Kc7 24. Nxf6 Kd6 25. Ne4+ Kc7 26. Nf6 Re6 27. Nd5+
Kd6 28. Nf4 Re5 29. Nd3 Re7 30. Kf1 c4 31. Nb4 a5 32. Nc6 Rc7 33. Rxd4+ Kc5 34.
Rd5+ Kxc6 35. Rd8+ Kc5 36. Rxh8 b4 37. Rd8 c3 38. bxc3 bxc3 39. Rd1 Kb4 40. Rc1
Ka3 41. Rc2 Rc5 42. Ke2 Kb4 43. Kd3 h6 44. h4 a4 45. g3 a3 46. Be4 f6 47. g4 Rc4
48. f4 Rc5 49. h5 Rc4 50. g5 fxg5 51. fxg5 hxg5 52. h6 g4 53. h7 Rc8 54. Ke3 Re8
55. Kf4 Rh8 56. Kxg4 Kc4 57. Kg5 Rb8 58. Kh6 Rb6+ 59. Bg6 Rxg6+ 60. Kxg6 Kd3 61.
Rxc3+ Kxc3 62. h8=Q+ {Black resigns} 1-0

[Event "Team 45 45 League T58"]
[Site "Internet Chess Club"]
[Date "2013.10.12"]
[Round "8"]
[White "minke"]
[Black "alexping"]
[Result "0-1"]
[WhiteElo "1915"]
[BlackElo "1886"]
[Opening "French: Winawer, advance, 5.a3"]
[ECO "C17"]
[Time "23:00:38"]
[TimeControl "2700+45"]

1. e4 e6 2. d4 d5 3. Nc3 Bb4 4. e5 c5 5. a3 Ba5 6. b4 cxb4 7. Nb5 Nc6 8. Nd6+
Kf8 9. Nf3 b3+ 10. Bd2 bxc2 11. Qxc2 Bc7 12. Bb5 Bxd6 13. Bxc6 Be7 14. Bb5 g6
15. Qc1 h5 16. h4 Kg7 17. Ng5 Bd7 18. Qb2 Qb6 19. Rb1 Bxb5 20. Qxb5 Qxb5 21.
Rxb5 b6 22. a4 Nh6 23. Ke2 Nf5 24. Kd3 Rhc8 25. g3 Rc4 26. Nf3 Rxa4 27. Rc1 Ra3+
28. Ke2 Rxf3 {White resigns} 0-1

[Event "Team 45 45 League T58"]
[Site "Internet Chess Club"]
[Date "2013.10.13"]
[Round "8"]
[White "bobhill"]
[Black "chess09"]
[Result "0-1"]
[WhiteElo "1919"]
[BlackElo "2042"]
[Opening "Queen's bishop game"]
[ECO "D02"]
[Time "22:03:54"]
[TimeControl "2700+45"]

1. d4 d5 2. Nf3 Nf6 3. Bf4 e6 4. e3 Bd6 5. Bxd6 cxd6 6. c3 O-O 7. Bd3 Nc6 8.
Nbd2 e5 9. dxe5 dxe5 10. e4 Bg4 11. O-O d4 12. Qb3 Rc8 13. cxd4 Nxd4 14. Nxd4
Qxd4 15. Nf3 Bxf3 16. gxf3 Qd7 17. Rfd1 Qe7 18. Kh1 Nh5 19. Rg1 Nf4 20. Rg3 Rc6
21. Rag1 Kh8 22. Bf1 Rh6 23. Rg4 Rc8 24. Qe3 Qf6 25. Qxa7 Rh5 26. Qxb7 Rd8 27.
Qa7 Qh6 28. R1g2 Nxg2 29. Rxg2 Qf4 30. Rg3 Rh6 31. Kg2 Rhd6 32. Bc4 R6d7 33. Qb6
Qc1 34. Bd5 f6 35. b3 Qa3 36. Be6 Qd6 37. Qxd6 Rxd6 38. Bd5 h6 39. Kh3 Rc8 40.
a4 Rc2 41. Rg2 Ra2 42. Kg3 f5 43. Kh4 g5+ 44. Kh5 fxe4 45. fxe4 Rf6 46. h4 gxh4
47. Rg8+ Kh7 48. Rg4 Raxf2 49. Kxh4 Rg6 50. Rxg6 Kxg6 51. Kg3 Rd2 52. a5 Ra2 53.
b4 Ra4 54. Bc6 Rxb4 55. a6 Rb3+ 56. Kh4 Ra3 57. Bb7 Ra4 58. Kg3 Kg5 59. Kf3 h5
60. Kg3 Ra3+ 61. Kh2 Kf4 62. Kg2 h4 63. Kh2 h3 64. Bd5 Kg4 65. Be6+ Kh4 66. Bc4
Ra4 67. Bb5 Ra2+ 68. Kg1 Kg3 69. Bf1 h2+ 70. Kh1 Ra1 {White resigns} 0-1

[Event "Team 45 45 League T58"]
[Site "Internet Chess Club"]
[Date "2013.10.12"]
[Round "8"]
[White "Tamarin"]
[Black "Beetlejuice"]
[Result "1/2-1/2"]
[WhiteElo "1913"]
[BlackElo "1752"]
[Opening "Dutch: Staunton gambit, Staunton's line"]
[ECO "A83"]
[Time "04:00:38"]
[TimeControl "2700+45"]

1. d4 f5 2. e4 fxe4 3. Nc3 Nf6 4. Bg5 Nc6 5. d5 Ne5 6. Qe2 Nf7 7. Bxf6 exf6 8.
Nxe4 Qe7 9. Nf3 f5 10. Nc3 Qxe2+ 11. Bxe2 Be7 12. O-O O-O 13. Rfe1 Bf6 14. Bc4
a6 15. a4 d6 16. Rad1 Ne5 17. Nxe5 Bxe5 18. Rxe5 dxe5 19. d6+ Kh8 20. d7 Rd8 21.
Be6 Bxd7 22. Rxd7 Rxd7 23. Bxd7 g6 24. Kf1 Kg7 25. Be6 Kf6 26. Nd5+ Kg5 27. Nxc7
Rd8 28. Ke2 Rd6 29. Bb3 e4 30. Nd5 f4 31. Nc3 Kf5 32. Bd5 b6 33. Bxe4+ Ke5 34.
Bd3 a5 35. Nb5 Rd7 36. Na3 Kd4 37. Kf3 Rf7 38. Nc4 Rf6 39. Nd2 h6 40. Ne4 Rf8
41. h4 Rf7 42. Nc3 Rf6 43. Ne2+ Ke5 44. c3 g5 45. hxg5 hxg5 46. Kg4 Rd6 47. Nd4
Kf6 48. Bc4 Rd7 49. Ne6 Re7 50. b4 b5 51. Ba2 axb4 52. cxb4 bxa4 53. Nd4 Rd7 54.
Nc6 Rd2 55. Bc4 a3 56. Na5 a2 57. Bxa2 Rxa2 58. Kf3 Rb2 59. Nc6 Ke6 60. b5 Kd6
61. Nd4 Rb4 62. Ne2 Rxb5 63. g3 fxg3 64. Nxg3 Ke6 65. Kg4 Re5 66. f4 gxf4 {Game
drawn by mutual agreement} 1/2-1/2

[Event "Team 45 45 League T58"]
[Site "Internet Chess Club"]
[Date "2013.10.13"]
[Round "8"]
[White "misuc56"]
[Black "az2112"]
[Result "0-1"]
[WhiteElo "1785"]
[BlackElo "1684"]
[Opening "King's Indian defense, 3.Nc3"]
[ECO "E61"]
[Time "10:00:19"]
[TimeControl "2700+45"]

1. d4 Nf6 2. c4 g6 3. Nc3 Bg7 4. Nf3 O-O 5. h3 d6 6. Bd2 Nc6 7. Rc1 e5 8. e3 e4
9. Nh2 Re8 10. Be2 Bf5 11. O-O h5 12. a3 Ne7 13. Kh1 d5 14. Rg1 c6 15. c5 Kf8
16. b4 Neg8 17. b5 Rb8 18. a4 Qd7 19. g4 hxg4 20. hxg4 Be6 21. f4 exf3 22. Bxf3
g5 23. Ne2 Nh6 24. Nc3 Ke7 25. Qe2 Rh8 26. Rg2 Nhxg4 27. Rcg1 Nxh2 28. Rxh2
Rxh2+ 29. Kxh2 Rh8+ 30. Kg3 Rh3+ 31. Kf2 Rh2+ 32. Rg2 Rxg2+ 33. Bxg2 Bh3 34. Ke1
Bxg2 35. Qxg2 Qg4 36. Kf2 Qxg2+ 37. Kxg2 Ng4 38. Kg3 f5 39. a5 a6 40. bxc6 bxc6
41. Na4 Nf6 42. Be1 Ne4+ 43. Kg2 g4 44. Bg3 Nd2 45. Be1 Nc4 46. Kf2 Bh6 47. Ke2
Bxe3 48. Bh4+ Ke6 49. Nb6 Bxd4 50. Nxc4 dxc4 51. Kd2 f4 52. Bg5 Kf5 53. Be7 g3
54. Bd6 g2 {White resigns} 0-1

[Event "Team 45 45 League T58"]
[Site "Internet Chess Club"]
[Date "2013.10.11"]
[Round "8"]
[White "frank001"]
[Black "zap2"]
[Result "0-1"]
[WhiteElo "1731"]
[BlackElo "1755"]
[Opening "King's Indian: Four pawns attack"]
[ECO "E76"]
[Time "03:11:58"]
[TimeControl "2700+45"]

1. d4 d6 2. c4 g6 3. Nc3 Bg7 4. e4 Nf6 5. f4 O-O 6. Nf3 Bg4 7. Be2 Bxf3 8. Bxf3
e5 9. fxe5 dxe5 10. d5 Nbd7 11. Be3 b6 12. Qd2 Ne8 13. O-O-O Nd6 14. b3 a5 15.
a4 Qe7 16. Kc2 Rfb8 17. Bh6 Nc5 18. Bxg7 Kxg7 19. h4 h5 20. g4 hxg4 21. Bxg4
Ncxe4 22. Nxe4 Nxe4 23. Qe3 f5 24. Bf3 Ng3 25. Rh3 f4 26. Qd2 Qd7 27. Rh2 Qf5+
28. Kb2 e4 29. Bg2 Qe5+ 30. Ka2 f3 31. Bh3 e3 32. Qc2 e2 33. Re1 Ne4 34. Rhh1
Nc3+ 35. Ka1 f2 {White resigns} 0-1

[Event "Team 45 45 League T58"]
[Site "Internet Chess Club"]
[Date "2013.10.11"]
[Round "8"]
[White "Riddick"]
[Black "Heian"]
[Result "1-0"]
[WhiteElo "1878"]
[BlackElo "1757"]
[Opening "Scotch: Potter variation"]
[ECO "C45"]
[Time "18:00:23"]
[TimeControl "2700+45"]

1. e4 e5 2. Nf3 Nc6 3. d4 exd4 4. Nxd4 Bc5 5. Nb3 Bb6 6. Nc3 d6 7. Nd5 Qh4 8.
Qf3 Ne5 9. Qf4 Qxf4 10. Bxf4 Ng6 11. Bd2 N8e7 12. Nxb6 axb6 13. g3 Ne5 14. Bg2
Bg4 15. Bc3 Nf3+ 16. Kf1 Ng5 17. Bxg7 Rg8 18. Bf6 Bf3 19. Bxg5 Bxg2+ 20. Kxg2
Rxg5 21. Rhe1 Nc6 22. a3 Kd7 23. Rad1 f6 24. Rd2 Rb5 25. Re3 Na5 26. Nxa5 Raxa5
27. c4 Re5 28. Rd5 c6 29. Rd4 c5 30. Rd2 Ra4 31. f4 Re6 32. f5 Re7 33. Red3 Rxc4
34. Rxd6+ Kc7 35. Rxf6 Rcxe4 36. Rf2 Re2 37. Rf8 Rxf2+ 38. Kxf2 Rd7 39. Ke3 Kd6
40. Re8 Kd5 41. Re4 Rf7 42. Kf4 b5 43. g4 b6 44. g5 c4 45. Re5+ Kc6 46. f6 Rd7
47. Kf5 Rd2 48. f7 Rxb2 49. Ke6 Rf2 50. Rf5 Re2+ 51. Kf6 c3 52. f8=Q c2 53. Qc8+
Kd6 54. Rxb5 Rf2+ 55. Rf5 Re2 56. Qc4 {Black resigns} 1-0

[Event "Team 45 45 League T58"]
[Site "Internet Chess Club"]
[Date "2013.10.09"]
[Round "8"]
[White "QuieroAprender"]
[Black "Egmont"]
[Result "1/2-1/2"]
[WhiteElo "1775"]
[BlackElo "1781"]
[Opening "Sicilian: accelerated fianchetto, exchange variation"]
[ECO "B34"]
[Time "12:15:03"]
[TimeControl "2700+45"]

1. e4 c5 2. Nf3 Nc6 3. d4 cxd4 4. Nxd4 g6 5. Nxc6 bxc6 6. Bc4 Bg7 7. c3 Qc7 8.
O-O Nf6 9. Qe2 d6 10. Bf4 Nh5 11. Be3 c5 12. Bb5+ Bd7 13. Bxd7+ Qxd7 14. Rd1 Qb7
15. f3 O-O 16. g4 Nf6 17. h4 Nd7 18. Na3 Rab8 19. Rab1 f5 20. exf5 gxf5 21. g5
Ne5 22. Kg2 f4 23. Bf2 Kh8 24. Qe4 Qxe4 25. fxe4 Kg8 26. b4 cxb4 27. cxb4 Rfc8
28. Bd4 Rb7 29. Rb3 Kf7 {Game drawn by mutual agreement} 1/2-1/2

[Event "Team 45 45 League T58"]
[Site "Internet Chess Club"]
[Date "2013.10.14"]
[Round "8"]
[White "lacibacsi"]
[Black "SlimeDog2"]
[Result "0-1"]
[WhiteElo "1963"]
[BlackElo "2045"]
[Opening "Four knights: Scotch, 4...exd4"]
[ECO "C47"]
[Time "15:30:18"]
[TimeControl "2700+45"]

1. e4 e5 2. Nf3 Nc6 3. Nc3 Nf6 4. d4 exd4 5. Nxd4 Bb4 6. Nxc6 bxc6 7. Bd3 d5 8.
exd5 cxd5 9. O-O O-O 10. Bg5 c6 11. Na4 h6 12. Bh4 Re8 13. c3 Be7 14. Re1 Be6
15. b4 Nd7 16. Bxe7 Qxe7 17. Bc2 Qf6 18. Qd3 g6 19. Qd4 Qxd4 20. cxd4 a5 21. a3
axb4 22. axb4 Reb8 23. Rab1 Nf8 24. h3 Bf5 25. Bxf5 Rxa4 26. Bg4 Rbxb4 27. Rbc1
Rc4 28. Be2 Rxc1 29. Rxc1 Ne6 30. Rxc6 Nxd4 31. Rc8+ Kg7 32. Bf3 Nxf3+ 33. gxf3
Rf4 34. Kg2 Kf6 35. Kg3 g5 36. Rc6+ Ke5 37. Rxh6 d4 38. Ra6 d3 39. Ra5+ Kd4 40.
Rxg5 Rf6 41. Ra5 d2 42. Ra1 Kd3 43. h4 Ke2 44. f4 Rg6+ 45. Kh3 f5 46. Ra2 Rg4
47. f3 Rxf4 48. Rxd2+ Kxd2 49. Kg3 Ke3 50. h5 Rxf3+ 51. Kh4 Rf1 {White resigns}
0-1

[Event "Team 45 45 League T58"]
[Site "Internet Chess Club"]
[Date "2013.10.14"]
[Round "8"]
[White "CKNIGHT3"]
[Black "Tobiasdelmonte"]
[Result "1-0"]
[WhiteElo "1787"]
[BlackElo "1859"]
[Opening "Nimzo-Indian: 4.e3, main line with 7...Nc6"]
[ECO "E56"]
[Time "19:09:53"]
[TimeControl "2700+45"]

1. d4 Nf6 2. c4 e6 3. Nc3 Bb4 4. e3 O-O 5. Bd3 c5 6. Nf3 d5 7. O-O Nc6 8. h3
Bxc3 9. bxc3 b6 10. Ba3 Nd7 11. cxd5 exd5 12. Qc2 g6 13. Rad1 Re8 14. Bb5 Bb7
15. dxc5 Nxc5 16. c4 a6 17. Bxc6 Bxc6 18. Bxc5 bxc5 19. cxd5 Bb5 20. Rfe1 Qd7
21. Qxc5 Rac8 22. Qa3 Rc2 23. Nd4 Rc4 24. e4 Ba4 25. Qd3 Rec8 26. Nc6 Bb5 27.
Ne5 R4c7 28. Nxd7 Bxd3 29. Nf6+ Kg7 30. d6 Rc3 31. Nd5 Ra3 32. Re3 Bc2 33. Rc1
Rxa2 34. Rc3 Rd8 35. R3xc2 Rxc2 36. Rxc2 Rxd6 37. Rc7 Re6 38. f3 Kf8 39. Ra7 Rc6
40. Kf2 Rc2+ 41. Kg3 h5 42. Rxa6 h4+ 43. Kxh4 Rxg2 44. Nf6 Kg7 45. e5 Kh6 46.
Ne4 Rg1 47. Rf6 Rg2 48. f4 Rg1 49. Rxf7 Rg4+ 50. hxg4 {Black resigns} 1-0

[Event "Team 45 45 League T58"]
[Site "Internet Chess Club"]
[Date "2013.10.14"]
[Round "8"]
[White "scottk74"]
[Black "sharky123"]
[Result "1-0"]
[WhiteElo "1702"]
[BlackElo "1675"]
[Opening "Caro-Kann: Panov-Botvinnik attack"]
[ECO "B13"]
[Time "16:00:09"]
[TimeControl "2700+45"]

1. e4 c6 2. d4 d5 3. exd5 cxd5 4. c4 Nc6 5. Nf3 Bg4 6. cxd5 Qxd5 7. Nc3 Qe6+ 8.
Qe2 Qxe2+ 9. Bxe2 Bxf3 10. Bxf3 Nxd4 11. Bxb7 Rb8 12. Be4 e5 13. O-O Nf6 14. Bd3
Bd6 15. b3 O-O 16. Bb2 Rfe8 17. Rfe1 Bb4 18. Rac1 Nd7 19. Red1 Nc5 20. Bc4 Nce6
21. Nd5 Bc5 22. Re1 Bd6 23. Nc3 Nf4 24. Ne4 Bc7 25. Bxf7+ Kxf7 26. Rxc7+ Re7 27.
Nd6+ Kf8 28. Rxe7 Kxe7 29. Bxd4 Kxd6 30. Bxe5+ Kd7 31. Bxb8 a6 32. Bxf4 Kc6 33.
Re6+ Kd5 34. Rxa6 Ke4 35. Bg3 Kd3 36. Rc6 Ke2 37. Rc3 Ke1 38. Bf4 g5 39. Be3 g4
40. b4 g3 41. Rc1+ Ke2 42. hxg3 h5 43. Rc3 h4 44. b5 hxg3 45. fxg3 Ke1 46. b6
Ke2 47. b7 Ke1 48. b8=Q Kd1 49. Qb2 Ke1 50. Qf2+ Kd1 51. Qd2# {Black checkmated}
1-0

[Event "Team 45 45 League T58"]
[Site "Internet Chess Club"]
[Date "2013.10.12"]
[Round "8"]
[White "jt2000"]
[Black "fireball"]
[Result "1-0"]
[WhiteElo "1914"]
[BlackElo "1775"]
[Opening "French: Chigorin variation"]
[ECO "C00"]
[Time "12:08:22"]
[TimeControl "2700+45"]

1. e4 e6 2. Qe2 d5 3. exd5 Nf6 4. dxe6 Bxe6 5. Nf3 Nc6 6. g3 Bc5 7. Bh3 O-O 8.
Bxe6 Re8 9. Ng5 fxe6 10. c3 Qd5 11. Nf3 Ne5 12. Qxe5 Qxf3 13. O-O Bd6 14. Qe3
Qh5 15. f3 e5 16. d3 e4 17. fxe4 Bc5 18. d4 Rxe4 19. Qg5 Qh3 20. Qd2 Bd6 21. Qg2
Qg4 22. Nd2 Re2 23. Qf3 Rae8 24. Qxg4 Nxg4 25. Nf3 Rc2 26. Rb1 Ree2 27. Ne1 Nxh2
28. Nxc2 Nxf1 29. Kxf1 Rxc2 30. g4 Rh2 31. Kg1 Rh4 32. g5 Rg4+ 33. Kf2 Kf7 34.
Be3 Kg6 35. Kf3 Kf5 36. Rh1 Rg3+ 37. Kf2 Kg6 38. c4 b6 39. b4 Rg4 40. c5 bxc5
41. bxc5 Bf4 42. Kf3 Bxe3 43. Kxg4 Bxd4 44. c6 Be3 45. Rd1 Bb6 46. a4 a5 47. Rb1
Bc5 48. Rb7 Bd6 49. Ra7 h5+ 50. gxh6 gxh6 51. Rxa5 Bh2 52. Rb5 Bg1 53. a5 Bd4
54. Rb7 h5+ 55. Kh3 Be5 56. a6 Bd4 57. Rxc7 {Black resigns} 1-0

[Event "Team 45 45 League T58"]
[Site "Internet Chess Club"]
[Date "2013.10.12"]
[Round "8"]
[White "MeWantCookie"]
[Black "kyoroogi"]
[Result "1/2-1/2"]
[WhiteElo "2092"]
[BlackElo "2148"]
[Opening "Modern defense"]
[ECO "A40"]
[Time "16:30:12"]
[TimeControl "2700+45"]

1. d4 g6 2. Nf3 Bg7 3. Bf4 d6 4. e3 Nd7 5. Bd3 e5 6. Bg3 Nh6 7. h3 Qe7 8. Nc3 c6
9. O-O Nf5 10. Bh2 O-O 11. Qe2 Re8 12. Rfe1 Nh4 13. Nxh4 Qxh4 14. Bg3 Qd8 15.
Qd2 d5 16. Bf1 Qg5 17. Rad1 e4 18. Nb1 Nf6 19. Bf4 Qh4 20. Bg3 Qg5 21. Bf4 Qh4
22. c4 Nh5 23. Bh2 Qg5 24. Kh1 dxc4 25. Bxc4 Be6 26. Bxe6 Rxe6 27. Nc3 Rd8 28.
Qc2 Nf6 29. b4 Qf5 30. a4 Nd5 31. Nxd5 Rxd5 32. Rb1 g5 33. Qe2 a6 34. Kg1 Rg6
35. Rec1 g4 36. hxg4 Rxg4 37. b5 Qg6 38. Bg3 axb5 39. axb5 h5 40. bxc6 bxc6 41.
Rb8+ Kh7 42. Qa6 Rxg3 43. fxg3 Qxg3 44. Rb3 Rg5 45. Qe2 Bxd4 46. Qf2 c5 47.
Qxf7+ Bg7 48. Rc2 h4 49. Rf2 h3 50. Qf4 Qg4 51. Qxg4 Rxg4 52. Kh2 hxg2 53. Rxg2
Rxg2+ 54. Kxg2 Kg6 55. Rb5 Bf8 56. Rb6+ Kf5 57. Rb8 Be7 58. Kf2 Ke6 59. Ke2 Kd5
60. Re8 Bf6 61. Rf8 Be7 62. Rf5+ Ke6 63. Rh5 Bd6 64. Kd2 Be5 65. Kc2 c4 66. Rg5
Kd5 67. Rg8 Ke6 68. Rg6+ Kd5 69. Rg8 Ke6 70. Rd8 Bf6 71. Rd1 Be5 72. Rd8 Bf6
{Game drawn by mutual agreement} 1/2-1/2

[Event "Team 45 45 League T58"]
[Site "Internet Chess Club"]
[Date "2013.10.12"]
[Round "8"]
[White "Otelo"]
[Black "BigH"]
[Result "1-0"]
[WhiteElo "1833"]
[BlackElo "2085"]
[Opening "Caro-Kann: classical variation"]
[ECO "B18"]
[Time "14:49:40"]
[TimeControl "2700+45"]

1. e4 c6 2. d4 d5 3. Nd2 dxe4 4. Nxe4 Bf5 5. Ng3 Bg6 6. Bc4 e6 7. N1e2 Nf6 8.
Bb3 Nbd7 9. Nf4 Bd6 10. Qe2 Qc7 11. Qf3 O-O-O 12. O-O e5 13. Nxg6 hxg6 14. Bxf7
exd4 15. Bxg6 Ne5 16. Bf5+ Kb8 17. Qb3 g6 18. Bg5 Rdf8 19. Bd3 Rxh2 20. Ba6 Neg4
21. Bxf6 Rh1+ 22. Kxh1 Qh7+ 23. Nh5 Qxh5+ 24. Qh3 Qf5 25. Bxd4 bxa6 26. Rad1 Be5
27. Bxe5+ Qxe5 28. f4 Qe3 29. Qxe3 Nxe3 30. g3 Rh8+ 31. Kg1 Rh3 32. Rd3 Rxg3+
33. Kf2 Nxf1 34. Rxg3 Nd2 35. Rxg6 Kc7 36. Rg7+ Kb6 37. f5 Kc5 38. Rxa7 {Black
resigns} 1-0

[Event "Team 45 45 League T58"]
[Site "Internet Chess Club"]
[Date "2013.10.12"]
[Round "8"]
[White "TerryMalloy"]
[Black "alexping"]
[Result "1/2-1/2"]
[WhiteElo "2054"]
[BlackElo "1859"]
[Opening "QGD semi-Slav"]
[ECO "D43"]
[Time "11:01:10"]
[TimeControl "2700+45"]

1. Nf3 Nf6 2. c4 e6 3. d4 d5 4. Nc3 c6 5. Bg5 h6 6. Bxf6 Qxf6 7. e3 Bd6 8. Bd3
O-O 9. O-O Qe7 10. Qc2 Nd7 11. Rfe1 dxc4 12. Bxc4 Nb6 13. Bf1 e5 14. dxe5 Bxe5
15. Nxe5 Qxe5 16. Qe4 Qxe4 17. Nxe4 Be6 18. Nc5 Rab8 19. Red1 Rfe8 20. Be2 Kf8
21. Kf1 Ke7 22. Bf3 Nd7 23. Nxe6 fxe6 24. Rd2 Nf6 25. Rad1 Red8 26. Ke2 Rxd2+
27. Rxd2 Rd8 28. Rxd8 Kxd8 29. Kd3 Kd7 30. b4 b6 31. a3 g5 32. g3 Kd6 33. Bg2 e5
34. f4 gxf4 35. exf4 exf4 36. gxf4 c5 37. bxc5+ Kxc5 38. Bf3 b5 39. Kc3 a5 40.
Kb3 Kd4 41. Bc6 Kc5 42. Bg2 Ng4 43. h3 Nf6 44. Bf1 a4+ 45. Kb2 b4 46. axb4+ Kxb4
47. Bg2 Nh5 48. f5 Nf6 49. Bf3 a3+ 50. Ka2 Ne8 {Game drawn by mutual agreement}
1/2-1/2

[Event "Team 45 45 League T58"]
[Site "Internet Chess Club"]
[Date "2013.10.13"]
[Round "8"]
[White "bobhill"]
[Black "Grebochess"]
[Result "1/2-1/2"]
[WhiteElo "1931"]
[BlackElo "1736"]
[Opening "Queen's pawn"]
[ECO "A40"]
[Time "14:03:57"]
[TimeControl "2700+45"]

1. d4 e6 2. Nf3 b6 3. Bg5 Be7 4. Bxe7 Nxe7 5. Nbd2 Bb7 6. e4 f5 7. Bd3 O-O 8. c3
fxe4 9. Bxe4 Bxe4 10. Nxe4 Nbc6 11. Qc2 Qe8 12. h4 Qg6 13. O-O-O d5 14. Neg5
Qxc2+ 15. Kxc2 Rf6 16. Rde1 Nd8 {Game drawn by mutual agreement} 1/2-1/2

[Event "Team 45 45 League T58"]
[Site "Internet Chess Club"]
[Date "2013.10.14"]
[Round "8"]
[White "steadman"]
[Black "xwang1"]
[Result "1/2-1/2"]
[WhiteElo "2115"]
[BlackElo "2156"]
[Opening "King's Indian: orthodox, Aronin-Taimanov, 9.Ne1"]
[ECO "E98"]
[Time "22:00:11"]
[TimeControl "2700+45"]

1. d4 Nf6 2. c4 g6 3. Nc3 Bg7 4. e4 d6 5. Nf3 O-O 6. Be2 e5 7. O-O Nc6 8. d5 Ne7
9. Ne1 Nd7 10. Nd3 f5 11. f3 Nf6 12. Bd2 Kh8 13. c5 Neg8 14. Rc1 Bh6 15. a4 Bxd2
16. Qxd2 Bd7 17. b4 Qe7 18. Kh1 a5 19. cxd6 cxd6 20. b5 fxe4 21. fxe4 Bg4 22.
Nb2 Bxe2 23. Qxe2 h5 24. Nc4 Ng4 25. h3 N8h6 26. b6 Qh4 27. Rf3 Rf6 28. Rcf1
Raf8 29. Rxf6 Rxf6 30. Rxf6 Qg3 31. Rf8+ Kg7 32. hxg4 Nxg4 33. Rf7+ Kg8 34. Rf8+
Kg7 35. Rf7+ Kg8 36. Rf8+ Kg7 {Game drawn by repetition} 1/2-1/2

[Event "Team 45 45 League T58"]
[Site "Internet Chess Club"]
[Date "2013.10.13"]
[Round "8"]
[White "Greedy-Reedy"]
[Black "CHENENE"]
[Result "1/2-1/2"]
[WhiteElo "1810"]
[BlackElo "1646"]
[Opening "King's Indian: fianchetto with ...Nc6"]
[ECO "E62"]
[Time "10:08:40"]
[TimeControl "2700+45"]

1. c4 Nf6 2. g3 g6 3. Bg2 Bg7 4. Nc3 O-O 5. Nf3 d6 6. d4 Nc6 7. e4 a6 8. O-O Rb8
9. d5 Na5 10. Qd3 c5 11. dxc6 Nxc6 12. h3 Bd7 13. Be3 Qa5 14. Nd5 Nxd5 15. exd5
Ne5 16. Nxe5 Bxe5 17. Bd4 Bf5 18. Qe3 Bxd4 19. Qxd4 b5 20. g4 Bd7 21. Rfe1 Rfe8
22. Qa7 Rbc8 23. Qxd7 Rcd8 24. Qa7 bxc4 25. Rxe7 Rxe7 26. Qxe7 Rb8 27. Qe2 c3
28. bxc3 Qxc3 29. Qe1 Qb2 30. Qc1 Qb4 31. a3 Qb3 32. Qc7 Rb6 33. Re1 Qb2 34.
Qd8+ Kg7 35. g5 h6 36. h4 Qc3 37. Re8 Qd4 38. gxh6+ Kxh6 39. Rh8+ Kg7 40. Qf8+
Kf6 41. Qd8+ Kg7 42. Qf8+ Kf6 43. Qd8+ Kg7 44. Rg8+ Kh7 45. Rh8+ Kg7 {Game drawn
by repetition} 1/2-1/2

[Event "Team 45 45 League T58"]
[Site "Internet Chess Club"]
[Date "2013.10.14"]
[Round "8"]
[White "primerpaso"]
[Black "DeepGreen"]
[Result "0-1"]
[WhiteElo "1941"]
[BlackElo "1945"]
[Opening "English: Carls' Bremen system"]
[ECO "A22"]
[Time "19:10:35"]
[TimeControl "2700+45"]

1. c4 e5 2. Nc3 Nf6 3. g3 Nc6 4. Bg2 Bc5 5. Nd5 O-O 6. e3 Nxd5 7. cxd5 Nb4 8.
Qb3 c6 9. Ne2 Nxd5 10. Bxd5 cxd5 11. d4 Bb6 12. Qxd5 d6 13. dxe5 dxe5 14. Qxd8
Rxd8 15. Bd2 Bg4 16. Bc3 f6 17. h3 Bf3 18. Rg1 h5 19. g4 h4 20. a4 a5 21. g5 Kf7
22. Rc1 Rac8 23. Ra1 Rc4 24. Kf1 Ke6 25. gxf6 Kxf6 26. Ke1 g5 27. Kf1 Kf5 28.
Ke1 Rd3 29. Kf1 Bc7 30. Rc1 Rxa4 31. Ke1 Rc4 32. Ra1 a4 33. Rd1 Rxd1+ 34. Kxd1
a3 35. Kd2 axb2 {White resigns} 0-1

[Event "Team 45 45 League T58"]
[Site "Internet Chess Club"]
[Date "2013.10.13"]
[Round "8"]
[White "laurenpar"]
[Black "Baseta"]
[Result "1/2-1/2"]
[WhiteElo "1907"]
[BlackElo "1816"]
[Opening "English opening"]
[ECO "A05"]
[Time "09:01:17"]
[TimeControl "2700+45"]

1. Nf3 Nf6 2. c4 c6 3. g3 d5 4. Bg2 g6 5. cxd5 cxd5 6. O-O Bg7 7. d3 Nc6 8. Qb3
O-O 9. Na3 Na5 10. Qa4 Bd7 11. Qh4 Qb6 12. Rb1 Nc6 13. Nc2 Qc5 14. Ncd4 Nxd4 15.
Nxd4 e5 16. Nb3 Qd6 17. Bh6 Rac8 18. Rfc1 Rxc1+ 19. Rxc1 Rc8 20. Rxc8+ Bxc8 21.
Bxg7 Kxg7 22. Qg5 Qc7 23. Qd2 b6 24. e3 a5 25. Qc3 Qxc3 26. bxc3 Ba6 27. Bf1 Nd7
28. f4 f6 29. Kf2 Kf7 30. Ke1 Nc5 31. d4 Nxb3 32. Bxa6 Nc1 33. a3 Ke6 34. Kd2
Nb3+ 35. Kc2 a4 36. Bb5 Na5 37. h3 h6 38. Kd3 e4+ 39. Ke2 g5 40. Kf2 {Game drawn
by mutual agreement} 1/2-1/2

[Event "Team 45 45 League T58"]
[Site "Internet Chess Club"]
[Date "2013.10.10"]
[Round "8"]
[White "Constrictor"]
[Black "Schack"]
[Result "0-1"]
[WhiteElo "1734"]
[BlackElo "1718"]
[Opening "Bird: From gambit"]
[ECO "A02"]
[Time "20:30:37"]
[TimeControl "2700+45"]

1. f4 e5 2. fxe5 d6 3. Nf3 dxe5 4. e4 Be6 5. Bb5+ c6 6. Be2 Nd7 7. O-O Bc5+ 8.
Kh1 Ngf6 9. d3 Ng4 10. Qe1 Qb6 11. h3 Ne3 12. Bxe3 Bxe3 13. Nbd2 Qxb2 14. Rb1
Qxc2 15. Rxb7 O-O 16. Qb1 Qxb1 17. Rfxb1 Bxa2 18. Ra1 Be6 19. Nc4 Nc5 20. Rc7
Bxc4 21. dxc4 Nxe4 22. Bd1 Rac8 23. Rxc8 Rxc8 24. Nxe5 Nf2+ 25. Kh2 Bf4+ 26. Kg1
Bxe5 27. Bf3 Bxa1 {White resigns} 0-1